 Dungeon Crawl Stone Soup version 0.18.1-6-gd335043 (webtiles) character file.

198 shmeve the Skirmisher (level 5, 0/42 HPs)
             Began as a Vampire Berserker on May 20, 2016.
             Was a Priest of Trog.
             Slain by an iguana (8 damage)
             ... on level 3 of the Dungeon.
             The game lasted 00:07:40 (2745 turns).

shmeve the Skirmisher (Vampire Berserker)           Turns: 2745, Time: 00:07:41

Health: 0/42       AC:  4    Str: 17    XL:     5   Next: 47%
Magic:  5/5        EV: 13    Int: 10    God:    Trog [***...]
Gold:   130        SH:  0    Dex: 13    Spells: 0 memorised, 4 levels left

rFire  . . .     SeeInvis +     a - +0 hand axe
rCold  . . .     Gourm    .     i - +0 leather armour
rNeg   . . .     Faith    .     (no shield)
rPois  .         Spirit   .     (no helmet)
rElec  .         Dismiss  .     l - +0 cloak
rCorr  .         Reflect  .     (no gloves)
SustAt .         Harm     .     (no boots)
MR     .....                    (no amulet)
Stlth  ++........               (no ring)
                                (no ring)

@: regenerating quickly, not resistant to hostile enchantments, unstealthy
A: fangs 3, see invisible, unbreathing
a: Berserk, Trog's Hand, Burn Spellbooks, Renounce Religion


You were on level 3 of the Dungeon.
You worshipped Trog.
Trog was most pleased with you.
You were very full.

You visited 1 branch of the dungeon, and saw 3 of its levels.

You collected 130 gold pieces.

Inventory:

Hand Weapons
 a - a +0 hand axe (weapon)
Armour
 i - a +0 leather armour (worn)
 l - a +0 cloak (worn)
Scrolls
 b - a scroll of magic mapping {unknown}
 d - 3 scrolls of identify {unknown}
 f - 3 scrolls of remove curse {unknown}
 j - 2 scrolls of fear {unknown}
 o - a scroll of recharging {unknown}
 p - a scroll of teleportation {unknown}
Potions
 c - 5 potions of blood
 e - a potion of haste {unknown}
 g - a potion of brilliance {unknown}
 h - a potion of degeneration {unknown}
 k - a potion of curing {unknown}
 m - a potion of lignification {unknown}
 n - a potion of flight {unknown}


   Skills:
 * Level 3.8 Fighting
 * Level 3.6 Axes
 - Level 1.5 Armour
 * Level 3.8 Dodging
 + Level 3.0 Stealth


You had 4 spell levels left.
You didn't know any spells.

Dungeon Overview and Level Annotations

Branches:
Dungeon (3/15)

Altars:


Innate Abilities, Weirdness & Mutations

Your natural rate of healing is unusually fast.
You have razor-sharp teeth.
You have supernaturally acute eyesight.
You can survive without breathing.


Message History

You hit the iguana.
The iguana is heavily wounded.
The iguana closely misses you.
You completely miss the iguana.
The iguana is heavily wounded.
The iguana bites you!
You hit the iguana.
The iguana is severely wounded.
The iguana closely misses you.
You barely miss the iguana. You bite the iguana, but do no damage.
The iguana is severely wounded.
The iguana bites you!
You hit the iguana but do no damage. Your bite misses the iguana.
The iguana is severely wounded.
The iguana bites you!
* * * LOW HITPOINT WARNING * * *
You closely miss the iguana.
The iguana is severely wounded.
The iguana bites you!
You die...

#........ #.####### #.#
# #.# # ###.#######
#####..........
##########............#.
...............#.####..#
##.#[l@...#####.# #...
#...###### #.#####.# ##.
#......). # ######### #
#####


You could see an iguana.

Vanquished Creatures
  2 orc priests (D:3)
  Crazy Yiuf (D:3)
  3 adders
  An ooze (D:3)
  4 worms
  4 giant geckos (D:1)
  4 orcs (D:3)
  5 giant cockroaches
  9 goblins
  6 hobgoblins
  2 quokkas
  A ball python (D:1)
  2 bats
  2 giant newts (D:3)
  10 kobolds
  6 rats
62 creatures vanquished.

Notes
Turn   | Place    | Note
--------------------------------------------------------------
     0 | D:1      | shmeve the Vampire Berserker began the quest for the Orb.
     0 | D:1      | Reached XP level 1. HP: 17/17 MP: 1/1
    55 | D:1      | Reached skill level 1 in Stealth
    66 | D:1      | Reached XP level 2. HP: 3/23 MP: 2/2
   561 | D:1      | Reached ** piety under Trog
   982 | D:2      | Reached XP level 3. HP: 23/29 MP: 3/3
  1797 | D:2      | Reached XP level 4. HP: 35/35 MP: 4/4
  2418 | D:3      | Reached XP level 5. HP: 32/41 MP: 5/5
  2566 | D:3      | Noticed Crazy Yiuf
  2585 | D:3      | Killed Crazy Yiuf
  2718 | D:3      | Reached *** piety under Trog
  2745 | D:3      | Slain by an iguana

Skill      XL: |  1  2  3  4  5 |
---------------+----------------+-----
Stealth        | 1 2 3 |  3.0
Fighting       | 3 |  3.8
Dodging        | 3 |  3.8
Axes           | 3 |  3.6
Armour         | |  1.5

Action                   |  1- 3 |  4- 6 || total
-------------------------+-------+-------++-------
Melee: Hand axe          |   161 |   114 ||   275
       Bite              |    10 |    11 ||    21
Invok: Berserk           |       |     2 ||     2
       Trog's Hand       |       |     1 ||     1
 Stab: Sleeping          |     1 |     4 ||     5
  Eat: Corpse            |    13 |    10 ||    23
Armor: Animal skin       |     8 |       ||     8
       Leather armour    |    25 |    23 ||    48
Dodge: Dodged            |   100 |    63 ||   163
